 Dungeon Crawl Stone Soup version 0.31.0-11-ge490571c62 (webtiles) character file.

Game seed: 15045637164457666002

514 Curundu the Shield-Bearer (level 7, -6/55 HPs)
             Began as a Formicid Fighter on Feb 7, 2024.
             Mangled by an orc priest
             ... wielding a +0 flail
              (9 damage)
             ... on level 4 of the Dungeon.
             The game lasted 00:11:40 (3637 turns).

Curundu the Shield-Bearer (Formicid Fighter)        Turns: 3637, Time: 00:11:40

Health: -6/55      AC:  9    Str: 22    XL:     7   Next: 44%
Magic:  7/7        EV:  8    Int:  8    God:
Gold:   227        SH:  5    Dex: 13    Spells: 6/6 levels left

rFire   . . .        i - +4 quarterstaff (chaos)
rCold   . . .        c - +0 buckler
rNeg    . . .        f - +0 chain mail
rPois   .            (helmet unavailable)
rElec   .            (no cloak)
rCorr   .            (no gloves)
SInv    +            (no boots)
Will    .....        (no amulet) Stlth
                     (no ring)
HPRegen 0.29/turn    (no ring)
MPRegen 0.10/turn

%: no passive effects
@: no status effects
A: permanent stasis, dig shafts and tunnels, antennae 3, four strong arms
a: Dig, Shaft Self


You were on level 4 of the Dungeon.
You visited 1 branch of the dungeon, and saw 4 of its levels.
You also visited: Sewer.

You collected 227 gold pieces.

Inventory:

Hand Weapons
 a - a +0 war axe
 i - a +4 quarterstaff of chaos (weapon)
Armour
 c - a +0 buckler (worn)
 f - a +0 chain mail (worn)
 j - a +0 cloak
Wands
 m - a wand of flame (39)
 w - a wand of light (11)
Scrolls
 g - 2 scrolls of fog {unknown}
 l - a scroll of noise {unknown}
 n - a scroll of blinking {unknown}
 o - 2 scrolls of silence {unknown}
 p - a scroll of enchant armour {unknown}
 t - a scroll of teleportation {unknown}
 x - a scroll of poison {unknown}
Potions
 b - a potion of experience {unknown}
 d - 2 potions of might
 e - 3 potions of mutation {unknown}
 h - a potion of berserk rage {unknown}
 k - a potion of magic {unknown}
 q - a potion of curing {unknown}
 r - a potion of degeneration {unknown}
 s - a potion of ambrosia {unknown}
 u - a potion of cancellation {unknown}
 v - a potion of haste {unknown}


   Skills:
 * Level 4.7 Fighting
 + Level 3.6 Axes
 + Level 2.3 Staves
 * Level 4.8 Armour
 * Level 2.0 Dodging
 + Level 5.1 Shields
 * Level 2.1 Evocations


You had 6 spell levels left.
You didn't know any spells.
Your spell library contained the following spells:

 Spells                   Type           Power      Damage    Failure   Level
 Mercury Vapours          Alch/Air       0%         N/A       99%         2
 Mephitic Cloud           Conj/Alch/Air  0%         N/A       100%        3
 Freezing Cloud           Conj/Ice/Air   0%         6-21      100%        5


Dungeon Overview and Level Annotations

Branches:
Dungeon (4/15)              Sewer (visited)
 Temple: D:4-7

Altars:
Xom

Shops:
D:2 :


Innate Abilities, Weirdness & Mutations

You cannot be hasted, slowed, berserked, paralysed or teleported.
You can dig through walls and to a lower floor.
You have a pair of large antennae on your head. (SInv)
Your four strong arms can wield two-handed weapons with a shield.


Message History

The orc priest hits you with a +0 short sword.
The orc priest hits you but does no damage.
The orc priest closely misses you. The orc attacks as it pursues you!
You block the orc's attack. The orc priest closely misses you.
Things that are here:
a +0 dagger; a +0 robe; an orc corpse You barely miss the orc priest.
The orc priest hits you but does no damage.
The orc priest closely misses you. The orc hits you but does no damage.
You closely miss the orc priest.
The orc priest hits you with a +0 flail.
You block the orc priest's attack. The orc hits you with a +0 falchion.
* * * LOW HITPOINT WARNING * * *
Unknown command.
You closely miss the orc priest.
The orc priest hits you but does no damage. x2
The orc hits you with a +0 falchion.
* * * LOW HITPOINT WARNING * * *
The orc priest closely misses you.
The orc priest looks encouraged for a moment.
The orc hits you with a +0 falchion.
* * * LOW HITPOINT WARNING * * *
You barely miss the orc priest.
The orc priest hits you with a +0 flail.
* * * LOW HITPOINT WARNING * * *
The orc priest casts a cantrip, but nothing happens.
The orc closely misses you.
You thump the orc priest! You drain the orc priest.
You kill the orc priest!
The orc priest hits you but does no damage.
The orc hits you but does no damage.
Your Dodging skill increases to level 2!
The orc priest calls down the wrath of Beogh upon you.
You struggle to resist.
The orc hits you with a +0 falchion.
* * * LOW HITPOINT WARNING * * *
You see here a +0 short sword.
You hit the orc priest.
The orc priest is poisoned.
The orc priest is lightly wounded.
The orc priest hits you with a +0 flail!
You die...

..............
####.#........ #.#### #
#.#........ #....# #
#.#[....... #....# #
#.#...##### #....#
####.#...#######....#
.......†........>...#
######...#######....#
................@o..#
..######.##....#o)..#
.....###.##....#.####
.....[.........#.####
.....###.#..........#
.....# #.#..........#
.....# #.#..........#
.....# #.#........).#
.....#
#.#..####.###############


You could see an orc priest (very poisoned) and an orc.

Vanquished Creatures
  3 jellies (Sewer)
  Crazy Yiuf (D:2)
  An orc priest (D:4)
  Natasha (thrice) (D:2)
  Terence (D:2)
  2 iguanas
  An orc wizard (D:4)
  6 adders
  2 river rats (Sewer)
  3 dart slugs
  3 ribbon worms
  4 bats
  15 endoplasms
  7 giant cockroaches
  10 goblins
  7 hobgoblins
  5 jackals (D:1)
  3 quokkas (D:1)
  7 ball pythons
  11 frilled lizards
  7 kobolds
  11 rats
113 creatures vanquished.

Notes
Turn   | Place    | Note
-------+----------+-------------------------------------------
     0 | D:1      | Curundu the Formicid Fighter began the quest for the Orb.
     0 | D:1      | Reached XP level 1. HP: 18/18 MP: 1/1
    47 | D:1      | Reached XP level 2. HP: 23/24 MP: 2/2
   172 | D:1      | Reached XP level 3. HP: 28/30 MP: 3/3
   263 | D:1      | Found a faded altar of an unknown god.
   777 | D:2      | Reached XP level 4. HP: 33/37 MP: 4/4
   932 | D:2      | Noticed Terence
   943 | D:2      | Killed Terence
   964 | D:2      | Found a runed translucent door.
   965 | D:2      | Noticed Crazy Yiuf
   977 | D:2      | Killed Crazy Yiuf
   978 | D:2      | Reached XP level 5. HP: 10/42 MP: 5/5
  1176 | D:2      | Noticed Natasha
  1228 | D:2      | Found Yfytis's Book Shop.
  1463 | D:2      | Killed Natasha
  1471 | D:2      | Noticed Natasha
  1607 | D:2      | Killed Natasha
  1608 | D:2      | Reached skill level 1 in Evocations
  1636 | D:2      | Noticed Natasha
  1645 | D:2      | Killed Natasha
  1646 | D:2      | Reached XP level 6. HP: 42/48 MP: 6/6
  1689 | D:2      | Reached skill level 1 in Dodging
  2200 | D:3      | Found a shimmering altar of Xom.
  2681 | D:3      | Reached skill level 1 in Staves
  2800 | D:4      | Found a glowing drain.
  2827 | Sewer    | Entered a sewer
  3125 | Sewer    | Reached skill level 5 in Shields
  3164 | Sewer    | Found a viscous altar of Jiyva.
  3192 | Sewer    | Identified the +11 short sword "Decuanwu" {venom, Dex+6}
  3204 | Sewer    | Reached XP level 7. HP: 52/55 MP: 7/7
  3636 | D:4      | HP: 2/55 [orc/+0 falchion (1)]
  3637 | D:4      | Mangled by an orc priest

Illustrated notes

Levels and vault maps discovered:
D:1:      scummos_arrival_simple_crosswalls, layout_rooms,
          hellmonk_ecumenical_altar_dog_temple
D:2:      layout_basic, serial_shops, shop_statue, kennysheep_doodads,
          minmay_unequal, uniq_natasha, uniq_crazy_yiuf_cottage, uniq_terence
D:3:      layout_basic, xom_teletrap_fun, roderic_lattice_a, kennysheep_donut,
          serial_bayou_crossing
D:4:      layout_basic, nicolae_sif_muna_little_library,
          cheibrodos_sewer_entry_bend

Skill      XL: |  1  2  3  4  5  6  7 |
---------------+----------------------+-----
Armour         | 4 |  4.8
Fighting       | 4 |  4.7
Axes           | 3 |  3.6
Evocations     | 1 2 |  2.1
Dodging        | 1 2 |  2.0
Staves         | 1 2 |  2.3
Shields        | 5 |  5.1

Action                     |  1- 3 |  4- 6 |  7- 9 || total
---------------------------+-------+-------+-------++-------
  Melee: War axe           |    86 |    37 |       ||   123
         Quarterstaff      |       |   110 |    33 ||   143
Ability: Dig               |       |     1 |       ||     1
 Armour: Scale mail        |    29 |       |       ||    29
         Chain mail        |    51 |   112 |    45 ||   208
  Dodge: Dodged            |    51 |    75 |    24 ||   150
  Block: Buckler           |    23 |    47 |    12 ||    82
